 Dungeon Crawl Stone Soup version 0.30.1-9-gdf580d7c3d (webtiles) character file.

Game seed: 5798320501570311991

2851 monsoonserge the Covered (level 9, -4/67 (68) HPs)
             Began as a Demonspawn Monk on Sept 25, 2023.
             Was a Priest of Kikubaaqudgha.
             Slain by Gastronok (32 damage)
             ... on level 8 of the Dungeon.
             The game lasted 00:20:10 (7449 turns).

monsoonserge the Covered (Demonspawn Monk)          Turns: 7449, Time: 00:20:11

HP:   -4/67 (68)    AC: 11    Str: 12    XL:     9   Next: 46%
MP:   13/13         EV: 17    Int: 33    God:    Kikubaaqudgha [***...]
Gold: 2             SH:  0    Dex: 11    Spells: 7/14 levels left

rFire   + . .        A - +8 dagger of Xemidib {elec, rF+ Int+4}
rCold   . . .        d - orb {light}
rNeg    . . .        y - +1 ring mail {rPois}
rPois   +            F - +1 hat
rElec   +            N - scarf "Qimidwiu" {repulsion, rElec Int+5 Dex-4}
rCorr   .            G - +0 pair of gloves
SInv    .            P - +1 pair of boots
Will    .....        (no amulet)
Stlth   +            l - +6 ring of intelligence
HPRegen 0.31/turn    K - +5 ring of evasion
MPRegen 0.26/turn

%: repel missiles
@: slowed, glowing, lightly drained, very slow
A: antennae 1, magic regeneration, big brain 1
a: Renounce Religion, Unearth Wretches


You were on level 8 of the Dungeon.
You worshipped Kikubaaqudgha.
Kikubaaqudgha was most pleased with you.
You visited 2 branches of the dungeon, and saw 9 of its levels.

You collected 369 gold pieces.
You spent 367 gold pieces at shops.

Inventory:

Hand Weapons
 A - the +8 dagger of Xemidib (weapon) {elec, rF+ Int+4}
   (You found it on level 3 of the Dungeon)

   Int:       It affects your intelligence (+4).
   rF:        It protects you from fire.
 I - a +0 longbow
Missiles
 a - 3 poisoned darts (quivered)
 b - 2 throwing nets
 o - a boomerang
Armour
 d - an orb of light (worn)
 g - a +0 leather armour
 y - a +1 ring mail of poison resistance (worn)
 F - a +1 hat (worn)
 G - a +0 pair of gloves (worn)
 M - +0 fire dragon scales
 N - the scarf "Qimidwiu" (worn) {repulsion, rElec Int+5 Dex-4}
   (You bought it in a shop on level 1 of the Dungeon)

   Int:       It affects your intelligence (+5).
   Dex:       It affects your dexterity (-4).
   rElec:     It insulates you from electricity.
 P - a +1 pair of boots (worn)
Jewellery
 l - a +6 ring of intelligence (left hand)
 n - a ring of magical power
 v - a ring of poison resistance
 K - a +5 ring of evasion (right hand)
Wands
 r - a wand of charming (13)
 L - a wand of quicksilver (9)
 O - a wand of polymorph (11)
Scrolls
 h - 3 scrolls of fog {unknown}
 j - 2 scrolls of blinking
 m - a scroll of vulnerability {unknown}
 s - a scroll of summoning {unknown}
 t - 3 scrolls of enchant weapon {unknown}
 u - 3 scrolls of teleportation {unknown}
 B - 3 scrolls of poison {unknown}
 C - a scroll of brand weapon {unknown}
 J - a scroll of amnesia {unknown}
Potions
 c - a potion of ambrosia
 e - 2 potions of invisibility
 f - 2 potions of attraction
 i - a potion of heal wounds
 k - 2 potions of might
 q - 2 potions of curing {unknown}
 w - a potion of haste {unknown}
 x - 2 potions of lignification {unknown}
 z - a potion of berserk rage {unknown}
 D - 2 potions of degeneration {unknown}
 E - a potion of magic {unknown}
 H - 2 potions of mutation {unknown}


   Skills:
 + Level 5.1 Fighting
 + Level 4.7(5.7) Short Blades
 - Level 4.8(5.7) Long Blades
 + Level 1.0 Throwing
 * Level 6.1 Armour
 + Level 5.2 Dodging
 - Level 1.0 Stealth
 - Level 3.0 Spellcasting
 * Level 4.3 Necromancy


You had 7 spell levels left.
You knew the following spells:

 Your Spells              Type           Power      Damage    Failure   Level
a - Vampiric Draining     Necr           33%        2d8       6%          3
b - Dispel Undead         Necr           33%        3d14      21%         4

Your spell library contained the following spells:

 Spells                   Type           Power      Damage    Failure   Level
 Necrotise                Necr           100%       1d9       1%          1
 Sublimation of Blood     Necr           33%        N/A       3%          2
 Kiss of Death            Conj/Necr      76%        2d11      4%          1
 Beastly Appendage        Tmut           8%         N/A       12%         1
 Summon Small Mammal      Summ           16%        N/A       12%         1
 Wereblood                Tmut           4%         N/A       19%         2
 Call Canine Familiar     Summ           4%         N/A       34%         3
 Ozocubu's Armour         Ice            4%         N/A       34%         3
 Portal Projectile        Hex/Tloc       8%         N/A       34%         3
 Spider Form              Tmut/Pois      4%         N/A       34%         3
 Summon Guardian Golem    Hex/Summ       4%         N/A       34%         3
 Agony                    Necr           33%        N/A       50%         5
 Leda's Liquefaction      Hex/Erth       2%         N/A       75%         4
 Borgnjor's Vile Clutch   Necr/Erth      9%         N/A       80%         5
 Simulacrum               Ice/Necr       9%         N/A       100%        6
 Ozocubu's Refrigeration  Ice            2%         4d7       100%        7


Dungeon Overview and Level Annotations

Branches:
Dungeon (8/15)             Temple (1/1) D:4
   Lair: D:8-11

Altars:
Ashenzari
Cheibriados
Dithmenos
Fedhas
Gozag
Hepliaklqana
Kikubaaqudgha
Makhleb
Qazlal
Ru
Sif Muna
Trog
Vehumet
Wu Jian
Xom
Yredelemnul

Shops:
D:1 *

Annotations:
D:5 3 runed translucent doors, BillyBaka's ghost, amateur MiFi; Cheops's ghost, novice MfSu; Drunn's ghost, novice DsEE; gummiwulf's ghost, novice DsBe; monsoonserge's ghost, novice DsMo
D:8 Gastronok


Innate Abilities, Weirdness & Mutations

You have a pair of small antennae on your head.
You regenerate magic rapidly.
You have an unusually large brain. (Int +2)


Message History

Gastronok looks as sick as possible!
Gastronok is lightly wounded.
You barely miss the bat. The bat hits you but does no damage.
The bat barely misses you. Gastronok casts a spell at you.
You feel yourself slow down.
You hit the bat. Lightning courses through the bat!
You kill the bat!
The bat's corpse disappears in a puff of smoke!
You hit Gastronok.
Gastronok is lightly wounded.
You puncture Gastronok!
Gastronok is moderately wounded.
Gastronok waves his eye-stalks in wide circles.
The air twists around and strikes you!
You puncture Gastronok!
Gastronok is moderately wounded.
Gastronok misses you.
You puncture Gastronok!
Gastronok is moderately wounded.
You hit Gastronok but do no damage.
Gastronok is moderately wounded.
Gastronok bites you!
You hit Gastronok.
Gastronok is moderately wounded.
You hit Gastronok.
Gastronok is heavily wounded.
Gastronok bites you!!
You hit Gastronok.
Gastronok is heavily wounded.
You hit Gastronok.
Gastronok is heavily wounded.
Gastronok barely misses you.
You hit Gastronok.
Gastronok is heavily wounded.
You hit Gastronok.
Gastronok is heavily wounded.
Gastronok bites you!!
You die...
Kikubaaqudgha rasps: "You have failed me!
Welcome... death!"

#.......###### ...
+.......#...# ...
#.......'...# ....
#.......#...#
#....#.......#...#
#....#####+###...#
..(..........)...#
...((............#
......w@.........#
##...####.####'###
#. #.####...#
...#.....#
....#.....#
.....#.....#
......#.....#
###....#.....#
#######


You could see Gastronok (poisoned).

Vanquished Creatures
  Sigmund (D:2)
  3 water moccasins (D:7)
  3 orc warriors
  A sky beast (D:6)
  2 black bears
  3 ice beasts
  2 ogres (D:5)
  2 centaurs
  A phantom (D:6)
  A bullfrog (D:7)
  Blork the orc (D:5)
  3 scorpions
  A howler monkey (D:4)
  2 hounds
  2 jellies
  Crazy Yiuf (D:6)
  3 orc priests
  2 sleepcaps (D:6)
  An iguana (D:5)
  A gnoll bouda (D:5)
  Ijyb (D:3)
  7 orc wizards
  7 gnolls
  6 adders
  2 ufetubi
  3 worms (D:2)
  4 dart slugs
  21 orcs
  9 endoplasms
  2 giant cockroaches
  12 goblins
  8 hobgoblins
  7 jackals
  10 quokkas
  7 ball pythons
  6 bats
  4 frilled lizards
  5 kobolds
  7 rats
  A spectral goblin (D:7)
165 creatures vanquished.

Notes
Turn   | Place    | Note
-------+----------+-------------------------------------------
     0 | D:1      | monsoonserge the Demonspawn Monk began the quest for the
                  | Orb.
     0 | D:1      | Reached XP level 1. HP: 18/18 MP: 1/1
   180 | D:1      | Gained mutation: You have an unusually large brain. (Int
                  | +2) [demonic ancestry]
   180 | D:1      | Reached XP level 2. HP: 10/24 MP: 2/2
   590 | D:1      | Found Denetot's Assorted Antiques.
  1016 | D:2      | Reached XP level 3. HP: 21/29 MP: 3/3
  1254 | D:2      | Found a faded altar of an unknown god.
  1525 | D:2      | Noticed Sigmund
  1545 | D:2      | Killed Sigmund
  1546 | D:2      | Reached skill level 1 in Armour
  1546 | D:2      | Reached XP level 4. HP: 30/35 MP: 4/4
  1546 | D:2      | Gained mutation: You regenerate magic rapidly. [demonic
                  | ancestry]
  1546 | D:2      | Reached XP level 5. HP: 35/41 MP: 5/5
  2058 | D:3      | Noticed Ijyb
  2072 | D:3      | Killed Ijyb
  2073 | D:3      | Reached skill level 2 in Armour
  2211 | D:3      | Reached XP level 6. HP: 31/47 MP: 6/6
  2232 | D:3      | Identified the +8 dagger of Xemidib {elec, rF+ Int+4}
  3133 | D:4      | Found a staircase to the Ecumenical Temple.
  3148 | Temple   | Entered the Ecumenical Temple
  3384 | Temple   | Became a worshipper of Kikubaaqudgha
  3384 | Temple   | Reached * piety under Kikubaaqudgha
  3384 | Temple   | Received a gift from Kikubaaqudgha
  3384 | Temple   | Reached ** piety under Kikubaaqudgha
  3559 | D:4      | Reached skill level 1 in Short Blades
  4119 | D:5      | Entered Level 5 of the Dungeon
  4123 | D:5      | Reached skill level 1 in Necromancy
  4134 | D:5      | Noticed an ice beast
  4153 | D:4      | Reached skill level 1 in Spellcasting
  4153 | D:4      | Reached XP level 7. HP: 52/54 MP: 8/8
  4303 | D:5      | Reached skill level 3 in Armour
  4319 | D:5      | Reached skill level 1 in Stealth
  4449 | D:5      | Reached XP level 8. HP: 39/61 MP: 11/11
  4537 | D:5      | Found a runed translucent gate.
  4537 | D:5      | Found a runed translucent gate.
  4537 | D:5      | Found a runed translucent gate.
  4547 | D:5      | Noticed monsoonserge's ghost (novice DsMo)
  4547 | D:5      | Noticed BillyBaka's ghost (amateur MiFi)
  4548 | D:5      | Noticed Cheops's ghost (novice MfSu)
  4548 | D:5      | Noticed Drunn's ghost (novice DsEE)
  4548 | D:5      | Noticed gummiwulf's ghost (novice DsBe)
  4643 | D:5      | Noticed Blork the orc
  4651 | D:5      | Killed Blork the orc
  4748 | D:5      | Reached skill level 4 in Armour
  5019 | D:6      | Found a radiant altar of Vehumet.
  5021 | D:6      | Found a snail-covered altar of Cheibriados.
  5021 | D:6      | Found a shadowy altar of Dithmenos.
  5198 | D:6      | Reached *** piety under Kikubaaqudgha
  5198 | D:6      | Received a gift from Kikubaaqudgha
  5203 | D:6      | Learned a level 3 spell: Vampiric Draining
  5425 | D:6      | Found an opulent altar of Gozag.
  5506 | D:6      | Reached skill level 1 in Throwing
  5520 | D:6      | Reached skill level 5 in Armour
  5915 | D:6      | Found a runed translucent door.
  5916 | D:6      | Noticed Crazy Yiuf
  5922 | D:6      | Killed Crazy Yiuf
  6026 | D:6      | Gained mutation: You have a pair of small antennae on your
                  | head. [demonic ancestry]
  6026 | D:6      | Reached XP level 9. HP: 58/67 MP: 13/13
  6143 | D:1      | Bought a polished scarf for 210 gold pieces
  6143 | D:1      | Identified the scarf "Qimidwiu" {repulsion, rElec Int+5
                  | Dex-4} (You bought it in a shop on level 1 of the Dungeon)
  6344 | D:7      | Reached skill level 5 in Dodging
  6356 | D:7      | Reached skill level 5 in Fighting
  6586 | D:7      | Reached skill level 6 in Armour
  6858 | D:7      | Found a hazy altar of Hepliaklqana.
  6979 | D:7      | Found the +5 woodcutter's axe
  7230 | D:1      | Bought a pair of embroidered boots for 157 gold pieces
  7240 | D:1      | Learned a level 4 spell: Dispel Undead
  7427 | D:8      | Noticed Gastronok
  7449 | D:8      | Slain by Gastronok

Illustrated notes

Levels and vault maps discovered:
D:1:      saegor_arrival_miasma, layout_basic, serial_shops,
          nicolae_shop_real_fake_doors
D:2:      layout_basic, hellmonk_ecumenical_altar_pennies_from_heaven,
          minmay_pentomino_t4, uniq_sigmund
D:3:      layout_basic, uniq_ijyb
D:4:      cheibrodos_helix_gallery, layout_loops_corners,
          minmay_temple_entry_slanted
D:5:      layout_rooms, gammafunk_ghost_cemetery,
          minmay_a_box_with_orc_wizards_in_it, uniq_blork_the_orc
D:6:      layout_basic, mainiacjoe_overflow_brackets,
          mainiacjoe_overflow_alcove_3, uniq_crazy_yiuf_cottage
D:7:      layout_cave_pools, nicolae_hepliaklqana_monster_ancestors,
          minmay_statues_item
D:8:      layout_gridville, uniq_gastronok
Temple:   compressed_dpeg_triangle_lava_temple

Skill      XL: |  1  2  3  4  5  6  7  8  9 |
---------------+----------------------------+-----
Long Blades    | 3 4 |  4.8
Dodging        | 3 4 5 |  5.2
Armour         | 1 2 3 5 6 |  6.1
Short Blades   | 1 2 3 4 |  4.7
Fighting       | 4 5 |  5.1
Necromancy     | 1 2 3 4 |  4.3
Spellcasting   | 1 2 3 |  3.0
Stealth        | 1 |  1.0
Throwing       | 1 |  1.0

Action                     |  1- 3 |  4- 6 |  7- 9 || total
---------------------------+-------+-------+-------++-------
  Melee: Falchion          |   136 |    68 |       ||   204
         Dagger            |       |    85 |   242 ||   327
  Throw: Dart              |       |       |    12 ||    12
    Use: Potion            |     1 |       |     2 ||     3
         Scroll            |       |       |     4 ||     4
 Armour: Ring mail         |    38 |    50 |    70 ||   158
         Leather armour    |    12 |       |       ||    12
  Dodge: Dodged            |    66 |    86 |   149 ||   301
         Repelled          |       |       |     1 ||     1
